 Dungeon Crawl Stone Soup version 0.30-a0-743-gbfdf073431 (webtiles) character file.

Game seed: 16196518390632461308

1392 porpoise the Cleaver (level 8, -9/74 HPs)
             Began as a Hill Orc Monk on Feb 6, 2023.
             Was a Believer of Qazlal.
             Mangled by an ogre
             ... wielding a +0 giant club
              (18 damage)
             ... on level 6 of the Dungeon.
             The game lasted 00:23:10 (5793 turns).

porpoise the Cleaver (Hill Orc Monk)                Turns: 5793, Time: 00:23:10

Health: -9/74      AC:  7    Str: 16    XL:     8   Next: 68%
Magic:  8/9        EV: 11    Int: 10    God:    Qazlal [**....]
Gold:   234        SH:  3    Dex: 13    Spells: 7/7 levels left

rFire   . . .      SeeInvis .    w - +2 war axe (heavy)
rCold   + . .      Faith    .    (no shield)
rNeg    . . .      Spirit   .    s - +0 ring mail {rC+}
rPois   .          Reflect  .    (no helmet)
rElec   .          Harm     .    (no cloak)
rCorr   .          Rampage  .    k - +1 pair of gloves
Will    .....                    (no boots)
Stlth   +                        (no amulet)
HPRegen 0.32/turn                r - ring of flight
MPRegen 0.11/turn                (no ring)

@: mighty, flying, mesmerised
A: no striking features
a: Renounce Religion, Upheaval


You were on level 6 of the Dungeon.
You worshipped Qazlal.
Qazlal was pleased with you.
You visited 2 branches of the dungeon, and saw 7 of its levels.
You also visited: Sewer.

You collected 234 gold pieces.

Inventory:

Hand Weapons
 a - a +2 flail of draining
 b - a +0 sling
 e - a +4 scythe of flaming
 o - a +2 whip of venom
 w - a +2 heavy war axe (weapon)
Missiles
 d - 10 poisoned darts (quivered)
 l - 3 boomerangs of dispersal
Armour
 k - a +1 pair of gloves (worn)
 s - a +0 ring mail of cold resistance (worn)
Jewellery
 g - a ring of ice
 r - a ring of flight (left hand)
 A - a ring of positive energy
Scrolls
 h - 5 scrolls of teleportation
 i - a scroll of vulnerability
 n - a scroll of magic mapping
 v - a scroll of amnesia {unknown}
 y - a scroll of identify
Potions
 c - 2 potions of ambrosia
 f - a potion of invisibility
 m - 3 potions of heal wounds
 p - 3 potions of brilliance
 q - a potion of lignification
 u - 3 potions of curing
 x - 7 potions of flight
 z - 2 potions of resistance


   Skills:
 + Level 7.9 Fighting
 * Level 11.5 Axes
 - Level 2.4 Dodging
 - Level 1.5 Stealth
 + Level 2.2 Invocations


You had 7 spell levels left.
You didn't know any spells.
Your spell library contained the following spells:

 Spells                   Type           Power      Damage    Failure   Level
 Cigotuvi's Dreadful Rot  Necr/Pois/Air  0%         N/A       73%         2
 Poisonous Vapours        Pois/Air       0%         N/A       73%         2
 Ignite Poison            Fire/Tmut/Pois 0%         N/A       91%         3
 Kindle Blastsparks       Fire/Tloc/Air  0%         2d10      91%         3
 Mephitic Cloud           Conj/Pois/Air  0%         N/A       91%         3
 Portal Projectile        Hex/Tloc       0%         N/A       91%         3
 Tukima's Dance           Hex            0%         N/A       91%         3
 Blade Hands              Tmut           0%         N/A       100%        5
 Freezing Cloud           Conj/Ice/Air   0%         6-21      100%        5


Dungeon Overview and Level Annotations

Branches:
Dungeon (6/15)             Temple (1/1) D:5           Sewer (visited)

Altars:
Ashenzari
Gozag
Hepliaklqana
Nemelex Xobeh
Okawaru
Qazlal
Ru
Sif Muna
Uskayaw
Wu Jian
Xom
Zin

Annotations:
D:6 Maggie


Message History

You break out of your daze.
The ogre closely misses you.
Maggie hits you with a +0 long sword of flaming!
Maggie burns you.
* * * LOW HITPOINT WARNING * * *
Eustachio hits you but does no damage. The crimson imp closely misses you.
You feel much better. The iron imp closely misses you.
Maggie hits you but does no damage. The ogre barely misses you.
Eustachio barely misses you. You block the crimson imp's attack.
You slice Maggie!!
Maggie is moderately wounded.
You slice the iron imp!!
You kill the iron imp!
The iron imp disappears in a puff of smoke!
You hit the crimson imp. You slice the iguana!!
You kill the iguana!
Qazlal accepts your kill.
You slash Eustachio! You hit the ogre.
Maggie hits you with a +0 long sword of flaming!
Maggie burns you.
Eustachio is struck by lightning.
You kill Eustachio!
Qazlal accepts your kill.
The iron imp disappears in a puff of smoke!
The crimson imp disappears in a puff of smoke!
The ogre hits you with a +0 giant club!
* * * LOW HITPOINT WARNING * * *
Your Invocations skill increases to level 2!
You slash Maggie!
Maggie is severely wounded.
You barely miss the ogre.
Maggie casts a spell.
Maggie attempts to bespell you!
You are mesmerised by Maggie!
Maggie zaps a wand.
You struggle to resist.
The ogre closely misses you.
You slash Maggie!
Maggie is severely wounded.
You barely miss the ogre.
Maggie zaps a wand.
Your mind is blasted!
* * * LOW HITPOINT WARNING * * *
The ogre hits you with a +0 giant club!!
You die...

....... ..
.......## ####..
........##......
...............#
.#............#
........§.....##
#....@○†......
#O@§.§....
#))§.§....
#<.....##.
+.....##
#........
#.<.......
#.........
+.........
#..##.....


You could see Maggie (mesmerising) and an ogre.

Vanquished Creatures
  Sigmund (D:3)
  Eustachio (D:6)
  Edmund (D:4)
  Duvessa (D:4)
  3 black bears
  Dowan (D:4)
  A hound (D:5)
  3 orc priests
  3 orc wizards
  2 iguanas
  A sickly merfolk siren (Sewer)
  A malarious merfolk avatar (Sewer)
  3 gnolls (D:3)
  8 adders
  3 river rats
  An ufetubus (D:5)
  A worm (D:2)
  5 dart slugs
  29 orcs
  9 endoplasms
  7 giant cockroaches
  5 goblins
  2 hobgoblins
  4 jackals
  8 kobolds
  11 quokkas
  8 ball pythons
  2 bats
  6 frilled lizards
  25 rats
156 creatures vanquished.

Vanquished Creatures (others)
  9 demonic plants (D:3)
  4 fungi (D:3)
  13 plants
  2 withered plants (D:3)
28 creatures vanquished.

Grand Total: 184 creatures vanquished

Notes
Turn   | Place    | Note
-------+----------+-------------------------------------------
     0 | D:1      | porpoise the Hill Orc Monk began the quest for the Orb.
     0 | D:1      | Reached XP level 1. HP: 19/19 MP: 1/1
   202 | D:1      | Reached XP level 2. HP: 27/27 MP: 2/2
   660 | D:1      | Reached skill level 5 in Axes
   759 | D:1      | Reached XP level 3. HP: 22/33 MP: 3/3
  1106 | D:2      | Reached XP level 4. HP: 39/41 MP: 4/4
  1331 | D:3      | Found a broken altar of Ashenzari.
  1386 | D:3      | Reached skill level 6 in Axes
  1696 | D:3      | Found a faded altar of an unknown god.
  1842 | D:3      | Reached XP level 5. HP: 22/47 MP: 5/5
  2187 | D:3      | Reached skill level 5 in Fighting
  2232 | D:3      | Noticed Sigmund
  2238 | D:3      | Killed Sigmund
  2239 | D:3      | Reached skill level 7 in Axes
  2239 | D:3      | Reached XP level 6. HP: 51/56 MP: 6/6
  2246 | D:3      | Reached skill level 8 in Axes
  2699 | D:4      | Noticed Edmund
  2712 | D:4      | Killed Edmund
  2713 | D:4      | Reached XP level 7. HP: 40/61 MP: 7/7
  2914 | D:4      | Reached skill level 9 in Axes
  3022 | D:4      | Noticed Duvessa
  3022 | D:4      | Noticed Dowan
  3033 | D:4      | Killed Duvessa
  3043 | D:4      | Killed Dowan
  3306 | D:4      | Found a sacrificial altar of Ru.
  3707 | D:4      | Found a shimmering altar of Xom.
  3807 | D:4      | Found an opulent altar of Gozag.
  3896 | D:5      | Entered Level 5 of the Dungeon
  3902 | D:5      | Reached skill level 10 in Axes
  3902 | D:5      | Reached XP level 8. HP: 66/73 MP: 8/8
  4048 | D:5      | Found a glowing drain.
  4053 | Sewer    | Entered a sewer
  4868 | D:5      | Found a staircase to the Ecumenical Temple.
  4875 | D:5      | Reached skill level 11 in Axes
  4883 | Temple   | Entered the Ecumenical Temple
  5022 | Temple   | Became a worshipper of Qazlal Stormbringer
  5022 | Temple   | Reached * piety under Qazlal
  5022 | Temple   | Reached ** piety under Qazlal
  5772 | D:6      | Noticed Maggie
  5772 | D:6      | Noticed Eustachio
  5777 | D:6      | Reached skill level 1 in Invocations
  5791 | D:6      | Killed Eustachio
  5793 | D:6      | Mangled by an ogre

Illustrated notes

Levels and vault maps discovered:
D:1:      wander_arrival_chamber, layout_loops_cross, minmay_pentomino_u2
D:2:      layout_rooms, kennysheep_generic_room_5
D:3:      layout_loops_corners, nicolae_ashenzari_skybound,
          shapermc_ecumenical_altar_gd, uniq_sigmund
D:4:      minmay_evil_eye, layout_loops_ring, kennysheep_mini,
          mainiacjoe_overflow_chevrons, general_overflow_altar, uniq_edmund,
          uniq_duvessa
D:5:      wander_river, layout_basic, minmay_temple_entry_statues_pillars,
          lightli_sewer_entry_pipes, kennysheep_generic_room_13
D:6:      layout_cave_pools, mainiacjoe_overflow_24_doors,
          mainiacjoe_overflow_alcove_2, jmf_multi_god_temple, uniq_maggie,
          uniq_grinder, uniq_blork_the_orc, uniq_eustachio
Temple:   nicolae_temple_bog_church

Skill      XL: |  1  2  3  4  5  6  7  8 |
---------------+-------------------------+-----
Fighting       | 4 5 6 7 |  7.9
Axes           | 5 6 7 8 10 11 | 11.5
Invocations    | 2 |  2.2
Dodging        | |  2.4
Stealth        | |  1.5

Action                     |  1- 3 |  4- 6 |  7- 9 || total
---------------------------+-------+-------+-------++-------
  Melee: Hand axe          |    79 |       |       ||    79
         Punch             |     2 |     1 |       ||     3
         Whip              |    24 |   128 |     5 ||   157
         Flail             |       |       |   181 ||   181
         War axe           |       |       |    19 ||    19
   Fire: Sling             |       |       |     4 ||     4
  Throw: Dart              |       |     4 |     6 ||    10
    Use: Potion            |       |     3 |     2 ||     5
         Scroll            |       |       |    13 ||    13
   Stab: Sleeping          |     2 |     2 |       ||     4
         Distracted        |       |     1 |       ||     1
 Armour: Robe              |     2 |       |       ||     2
         Leather armour    |    19 |    12 |     1 ||    32
         Ring mail         |       |       |    82 ||    82
  Dodge: Dodged            |    56 |    79 |   137 ||   272
  Block: Other             |       |       |     2 ||     2

Table legend: (Time is in decaauts)
 A = Elapsed time spent in this place.
 B = Non-inter-level travel time spent in this place.
 C = Inter-level travel time spent in this place.
 D = Time resting spent in this place.
 E = Time spent auto-exploring this place.
 F = Levels seen in this place.
 G = Mean time per level.
                   A        B        C        D        E       F      G
               +--------+--------+--------+--------+--------+-----+--------+
         Total |   5816 |   5546 |    270 |   1058 |   2893 |   8 |  727.0 |
       Dungeon |   5176 |   4929 |    247 |    933 |   2767 |   6 |  862.7 |
        Temple |    162 |    139 |     23 |      0 |    126 |   1 |  162.0 |
         Sewer |    477 |    477 |      0 |    125 |      0 |   1 |  477.0 |
               +--------+--------+--------+--------+--------+-----+--------+

Top non-repeatable levels by time:
     D:3: 1384 daAuts
     D:4: 1180 daAuts
     D:5: 1154 daAuts
     D:1: 879 daAuts
   Sewer: 477 daAuts
     D:2: 456 daAuts
  Temple: 162 daAuts
     D:6: 120 daAuts
